 Dungeon Crawl Stone Soup version 0.26.0-45-g9c1d065592 (webtiles) character file.

Game seed: 7653810120527511520

139 growler the Gusty (level 5, -3/28 HPs)
             Began as a Tengu Air Elementalist on Jan 27, 2021.
             Killed from afar by Sigmund (5 damage)
             ... with a puff of flame
             ... on level 2 of the Dungeon.
             The game lasted 00:05:14 (2326 turns).

growler the Gusty (Tengu Air Elementalist)          Turns: 2326, Time: 00:05:15

Health: -3/28      AC:  2    Str:  8    XL:     5   Next: 22%
Magic:  6/10       EV: 15    Int: 16    God:
Gold:   190        SH:  0    Dex: 15    Spells: 4/10 levels left

rFire    . . .     SeeInvis .   d - +0 dagger
rCold    . . .     Faith    .   (no shield)
rNeg     . . .     Spirit   .   a - +0 robe
rPois    .         Reflect  .   (helmet restricted)
rElec    .         Harm     .   (no cloak)
rCorr    .         Rampage  .   (no gloves)
Will     .....                  (boots unavailable)
Stlth    ++........             (no amulet)
HPRegen  0.09/turn              (no ring)
MPRegen  0.12/turn              (no ring)

@: flying quickly and evasively, quick
A: beak, talons 3, able to fly
a: Stop Flying


You were on level 2 of the Dungeon.
You visited 1 branch of the dungeon, and saw 2 of its levels.

You collected 190 gold pieces.

Inventory:

Hand Weapons
 d - a +0 dagger (weapon)
   (You found it on level 1 of the Dungeon)
Armour
 a - a +0 robe (worn)
Wands
 t - a wand of flame (14)
   (You took it off a kobold on level 2 of the Dungeon)
Scrolls
 e - a scroll of blinking {unknown}
 g - a scroll of identify {unknown}
 h - a scroll of fog {unknown}
Potions
 b - a potion of cancellation {unknown}
 c - 2 potions of flight {unknown}
 f - a potion of magic {unknown}
 i - a potion of attraction {unknown}
 j - a potion of brilliance {unknown}


   Skills:
 - Level 2.1 Dodging
 - Level 2.0 Stealth
 + Level 3.2 Spellcasting
 + Level 3.7 Conjurations
 + Level 5.4 Air Magic


You had 4 spell levels left.
You knew the following spells:

 Your Spells              Type           Power        Failure   Level
a - Shock                 Conj/Air       68%          2%          1
d - Static Discharge      Conj/Air       17%          9%          3
s - Swiftness             Air            20%          3%          2

Your spell library contained the following spells:

 Spells                   Type           Power        Failure   Level
 Animate Skeleton         Necr           4%           19%         1
 Apportation              Tloc           4%           19%         1
 Corona                   Hex            2%           19%         1
 Summon Small Mammal      Summ           8%           19%         1
 Airstrike                Air            10%          19%         4
 Lightning Bolt           Conj/Air       8%           58%         5


Dungeon Overview and Level Annotations

Branches:
Dungeon (2/15)

Altars:
Gozag

Annotations:
D:2 Sigmund


Innate Abilities, Weirdness & Mutations

You have a beak for a mouth.
You have claws for feet.
You can fly continuously.


Message History

Aim: a frilled lizard (severely wounded, 47% to evade)
The zap misses the frilled lizard.
The frilled lizard hisses angrily.
A goblin comes into view.
Aim: a frilled lizard (severely wounded, 47% to evade)
The zap hits the frilled lizard.
You kill the frilled lizard!
Sigmund the Dreaded comes into view.
He is wielding a -3 scythe and carrying a wand of flame (13).
The frilled lizard hisses.
Aim: a frilled lizard (47% to evade)
The zap hits the frilled lizard!
You kill the frilled lizard!
The zap hits the goblin.
You kill the goblin!
You start resting.
Sigmund is nearby!
Aim: Sigmund, wielding a -3 scythe, wearing a +0 robe and carrying a wand of flame (13) (32% to evade)
The zap hits Sigmund.
Aim: Sigmund, wielding a -3 scythe, wearing a +0 robe and carrying a wand of flame (13) (lightly wounded, 32% to evade)
The zap hits Sigmund but does no damage.
Sigmund zaps a wand.
The puff of flame hits you!
Aim: Sigmund, wielding a -3 scythe, wearing a +0 robe and carrying a wand of flame (12) (lightly wounded, 32% to evade)
The zap hits Sigmund.
Aim: Sigmund, wielding a -3 scythe, wearing a +0 robe and carrying a wand of flame (12) (lightly wounded, 32% to evade)
The zap misses Sigmund.
The zap hits Sigmund.
The zap hits Sigmund. x2
Sigmund points at you and mumbles some strange words.
You are confused.
Sigmund barely misses you.
You're too confused to move!
Sigmund casts a spell at you. The magic dart hits you!
* * * LOW HITPOINT WARNING * * *
Sigmund casts a spell at you. The magic dart hits you!
* * * LOW HITPOINT WARNING * * *
Sigmund gestures at himself while chanting.
Sigmund flickers and vanishes!
Deactivating autopickup; reactivate with Ctrl-A.
You feel less confused.
You hear a zap.
A puff of flame appears from out of thin air!
The puff of flame hits you.
* * * LOW HITPOINT WARNING * * *
Okay, then.
Okay, then.
A puff of flame appears from out of thin air!
The puff of flame hits you.
You die...

.# #..........<....## .#
#.....###.......# .##
#...............# ..#
#.....######.#### ###########
#.# #.....# #{# #..........
#.###.....######.# #.########.
#..##.........##.# #.##.....#.
##.##.##......##.# #.##.###.#.
#.##.##......##@# #.##.# #.#.
##..#.##......##.# #.#<.# #†#.
.......†......##.###
#.######.#.
###.#.##...........#
#........#. #
#...##...........#############.
#
##))##.........................
#
#..#######......##############
####..# #.)...^# .....>#
#......#


There were no monsters in sight!

Vanquished Creatures
  A jelly (D:2)
  Jessica (D:2)
  2 adders (D:2)
  A gnoll (D:1)
  2 oozes (D:1)
  A dart slug (D:1)
  3 leopard geckos
  A ball python (D:1)
  2 giant cockroaches (D:1)
  4 hobgoblins
  3 quokkas (D:2)
  7 bats
  2 frilled lizards (D:2)
  6 goblins
  5 kobolds
  3 rats
44 creatures vanquished.

Notes
Turn   | Place    | Note
-------+----------+-------------------------------------------
     0 | D:1      | growler the Tengu Air Elementalist began the quest for the
                  | Orb.
     0 | D:1      | Reached XP level 1. HP: 10/10 MP: 4/4
   451 | D:1      | Reached XP level 2. HP: 12/15 MP: 1/6
   743 | D:1      | Reached XP level 3. HP: 10/19 MP: 1/7
  1353 | D:1      | Learned a level 2 spell: Swiftness
  1357 | D:1      | Learned a level 3 spell: Static Discharge
  1581 | D:2      | Reached XP level 4. HP: 24/24 MP: 4/9
  1700 | D:2      | Reached skill level 5 in Air Magic
  1987 | D:2      | Noticed Jessica
  1992 | D:2      | Killed Jessica
  2125 | D:2      | Gained mutation: You can fly continuously. [Tengu growth]
  2125 | D:2      | Reached XP level 5. HP: 18/28 MP: 1/10
  2272 | D:2      | Found an opulent altar of Gozag.
  2275 | D:2      | Noticed Sigmund
  2321 | D:2      | HP: 1/28 [something/puff of flame (4)]
  2326 | D:2      | Killed from afar by Sigmund

Illustrated notes

Levels and vault maps discovered:
D:1:      psy_arrival_conway, layout_loops_cross
D:2:      layout_basic, grunt_gozag_breadcrumbs, uniq_sigmund, uniq_jessica

Skill      XL: |  1  2  3  4 |
---------------+-------------+-----
Conjurations   | 2 3 |  3.7
Air Magic      | 5 |  5.4
Spellcasting   | 3 |  3.2
Dodging        | |  2.1
Stealth        | |  2.0

Action                   |  1- 3 |  4- 6 || total
-------------------------+-------+-------++-------
Melee: Unarmed           |    14 |       ||    14
       Peck              |     7 |     3 ||    10
       Kick              |    14 |     2 ||    16
       Dagger            |    58 |    18 ||    76
 Cast: Shock             |    41 |    39 ||    80
       Static Discharge  |       |     1 ||     1
 Abil: Fly               |       |     1 ||     1
 Stab: Sleeping          |     2 |       ||     2
Armor: Robe              |    29 |       ||    29
Dodge: Dodged            |    63 |    13 ||    76
